AAA
SYRACUSE CHIEFS @ LOUISVILLE BATS
06/03/2052
 
TOP OF THE 1ST
Pawtucket Red Sox batting - Pitching for Charlotte Knights : LHP Rudy Palomo
Pitching: LHP Rudy Palomo
Batting: RHB Rex Hilt 0-0: Ball
1-0: Foul Ball, location: 2F
1-1: Called Strike
1-2: Strikes out looking
Batting: LHB Jake Marinello 0-0: Ball
1-0: SINGLE (Line Drive, 4D, EV 96.2 MPH)
Pinch Hitting: RHB Julian Long 0-0: Ball
1-0: 2-RUN HOME RUN (Flyball, 78XD, EV 103.8 MPH), Distance : 437 ft
Batting: RHB Maurits Drees 0-0: Ball
1-0: Foul Ball, location: 2F
1-1: Foul Ball, location: 2F
1-2: Ball
2-2: Ball
3-2: Strikes out swinging
Batting: LHB Ron Sandoval 0-0: Ground out 4-3 (Groundball, 4, EV 88.8 MPH)
Top of the 1st over - 2 runs, 2 hits, 0 errors, 0 left on base; Pawtucket 2 - Charlotte 0
BOTTOM OF THE 1ST
Charlotte Knights batting - Pitching for Pawtucket Red Sox : RHP Timmy Lomeli
Pitching: RHP Timmy Lomeli
Now at 3B: Julian Long
Batting: LHB Johnny Jacobs 0-0: Ball
1-0: Ball
2-0: Foul Ball, location: 2F
2-1: Foul Ball, location: 2F
2-2: Ball
3-2: Base on Balls
Batting: RHB Colin Raines 0-0: Ball
1-0: Foul Ball, location: 2F
1-1: SINGLE (Groundball, 34D, EV 104.4 MPH)
Johnny Jacobs to second
Runner from 2nd tries for 3rd, SAFE, no throw by RF
Batting: LHB Jesus Soto 0-0: Ball
1-0: Ball
2-0: Swinging Strike
2-1: Swinging Strike
2-2: Ball
3-2: Foul Ball, location: 2F
3-2: Base on Balls
Colin Raines to second
Batting: RHB Josh Dunn 0-0: Called Strike
0-1: Ball
1-1: Ball
2-1: Ball
3-1: Foul Ball, location: 2F
3-2: Foul Ball, location: 2F
3-2: Grounds into double play, 4-6-3 (Groundball, 4, EV 83.8 MPH)
Johnny Jacobs scores
Colin Raines to third
Batting: RHB Jose Carvajal 0-0: Ball
Wild Pitch!
Colin Raines scores
1-0: Ground out 6-3 (Groundball, 6S, EV 81.2 MPH)
Bottom of the 1st over - 2 runs, 1 hit, 0 errors, 0 left on base; Pawtucket 2 - Charlotte 2
TOP OF THE 2ND
Pawtucket Red Sox batting - Pitching for Charlotte Knights : LHP Rudy Palomo
Batting: RHB Salamon Chavez 0-0: Foul Ball, location: 2F
0-1: Foul Ball, location: 2F
0-2: Strikes out swinging
Batting: SHB Nathan Toney 0-0: Called Strike
0-1: Ball
1-1: Ball
2-1: Ground out 6-3 (Groundball, 6S, EV 86.9 MPH)
Batting: LHB Waylon Contreras 0-0: Ball
1-0: Ball
2-0: Ball
3-0: Base on Balls
Batting: SHB Jayden Scott 0-0: Ball
1-0: Ball
2-0: Foul Ball, location: 2F
2-1: Swinging Strike
2-2: Ball
3-2: Strikes out swinging
Top of the 2nd over - 0 runs, 0 hits, 0 errors, 1 left on base; Pawtucket 2 - Charlotte 2
BOTTOM OF THE 2ND
Charlotte Knights batting - Pitching for Pawtucket Red Sox : RHP Timmy Lomeli
Batting: SHB Jordan Fernandez 0-0: Called Strike
0-1: Ball
1-1: Foul Ball, location: 2F
1-2: Fly out, F6 (Popup, 6M, EV 56.9 MPH)
Batting: RHB Elvis Matheny 0-0: Foul Ball, location: 2F
0-1: Ball
1-1: Ball
2-1: Called Strike
2-2: Foul Ball, location: 2F
2-2: Strikes out swinging
Batting: LHB Greg Green 0-0: Ball
1-0: Foul Ball, location: 2F
1-1: Foul Ball, location: 2F
1-2: Foul Ball, location: 2F
1-2: Foul Ball, location: 2F
1-2: Strikes out swinging
Bottom of the 2nd over - 0 runs, 0 hits, 0 errors, 0 left on base; Pawtucket 2 - Charlotte 2
TOP OF THE 3RD
Pawtucket Red Sox batting - Pitching for Charlotte Knights : LHP Rudy Palomo
Batting: RHB Rex Hilt 0-0: Foul Ball, location: 2F
0-1: Ball
1-1: SINGLE (Groundball, 56D, EV 104.4 MPH)
Batting: LHB Jake Marinello 0-0: Ball
1-0: Ball
2-0: Ball
3-0: Base on Balls
Rex Hilt to second
Batting: RHB Julian Long 0-0: Ball
1-0: Swinging Strike
1-1: Swinging Strike
1-2: Ball
2-2: Fly out, F8 (Line Drive, 8RM, EV 91.9 MPH)
Batting: RHB Maurits Drees 0-0: Ball
1-0: Swinging Strike
1-1: Foul Ball, location: 2F
1-2: Foul Ball, location: 2F
1-2: Ball
2-2: Strikes out looking
Batting: LHB Ron Sandoval 0-0: Ball
1-0: Swinging Strike
1-1: Foul Ball, location: 2F
1-2: Strikes out swinging, 2-3 out at first.
Top of the 3rd over - 0 runs, 1 hit, 0 errors, 2 left on base; Pawtucket 2 - Charlotte 2
BOTTOM OF THE 3RD
Charlotte Knights batting - Pitching for Pawtucket Red Sox : RHP Timmy Lomeli
Batting: LHB J.F. Brown 0-0: Called Strike
0-1: SINGLE (Groundball, 23, EV 64.4 MPH) (infield hit)
Batting: LHB Johnny Jacobs 0-0: Swinging Strike
0-1: Ball
1-1: Fly out, F5 (Popup, 56, EV 66.2 MPH)
Batting: RHB Colin Raines 0-0: Called Strike
0-1: Called Strike
0-2: Ball
Wild Pitch!
J.F. Brown to second
1-2: Foul Ball, location: 2F
1-2: Ball
2-2: Ball
3-2: Foul Ball, location: 2F
3-2: Base on Balls
Batting: LHB Jesus Soto 0-0: Ball
1-0: Ball
2-0: Foul Ball, location: 2F
2-1: Ball
3-1: Called Strike
Colin Raines is caught stealing 2nd base 2-6
J.F. Brown advances to 3rd base
3-2: Base on Balls
Pitching: RHP V.J. Frasier
Batting: RHB Josh Dunn 0-0: Ball
1-0: Ball
2-0: Foul Ball, location: 2F
2-1: Ball
3-1: SINGLE (Line Drive, 89S, EV 97.5 MPH)
J.F. Brown scores
Jesus Soto to second
Runner from 2nd tries for 3rd, SAFE, throw by CF made to third
Batting: RHB Jose Carvajal 0-0: Called Strike
0-1: Foul Ball, location: 2F
0-2: Foul Ball, location: 2F
0-2: Ball
1-2: Strikes out swinging
Bottom of the 3rd over - 1 run, 2 hits, 0 errors, 2 left on base; Pawtucket 2 - Charlotte 3
TOP OF THE 4TH
Pawtucket Red Sox batting - Pitching for Charlotte Knights : LHP Rudy Palomo
Batting: RHB Salamon Chavez 0-0: Foul Ball, location: 2F
0-1: Fly out, F8 (Flyball, 8RD, EV 99.4 MPH)
Batting: SHB Nathan Toney 0-0: Swinging Strike
0-1: Ball
1-1: Called Strike
1-2: Foul Ball, location: 2F
1-2: Foul Ball, location: 2F
1-2: Ball
2-2: Foul Ball, location: 2F
2-2: Foul Ball, location: 2F
2-2: Strikes out looking
Batting: LHB Waylon Contreras 0-0: Ball
1-0: Called Strike
1-1: Called Strike
1-2: Ground out 1-3 (Groundball, 13S, EV 68.8 MPH)
Top of the 4th over - 0 runs, 0 hits, 0 errors, 0 left on base; Pawtucket 2 - Charlotte 3
BOTTOM OF THE 4TH
Charlotte Knights batting - Pitching for Pawtucket Red Sox : RHP V.J. Frasier
Batting: SHB Jordan Fernandez 0-0: Ball
1-0: Foul Ball, location: 2F
1-1: Foul Ball, location: 2F
1-2: Foul Ball, location: 2F
1-2: SINGLE (Flyball, 8LS, EV 90.0 MPH)
Batting: RHB Elvis Matheny 0-0: Ball
1-0: Foul Ball, location: 2F
1-1: Ball
2-1: Foul Ball, location: 2F
2-2: Foul Ball, location: 2F
2-2: Ball
3-2: Fly out, F8 (Line Drive, 8RD, EV 91.2 MPH)
Batting: LHB Greg Green 0-0: Called Strike
0-1: Foul Ball, location: 2F
0-2: Ball
1-2: Ball
2-2: Ball
3-2: Strikes out swinging
Batting: LHB J.F. Brown 0-0: Ball
Jordan Fernandez steals 2nd base
1-0: Swinging Strike
1-1: Swinging Strike
1-2: Ground out 5-3 (Groundball, 56, EV 85.6 MPH)
Bottom of the 4th over - 0 runs, 1 hit, 0 errors, 1 left on base; Pawtucket 2 - Charlotte 3
TOP OF THE 5TH
Pawtucket Red Sox batting - Pitching for Charlotte Knights : LHP Rudy Palomo
Batting: SHB Jayden Scott 0-0: Ball
1-0: Ball
2-0: Called Strike
2-1: Swinging Strike
2-2: Foul Ball, location: 2F
2-2: Foul Ball, location: 2F
2-2: Ball
3-2: Foul Ball, location: 2F
3-2: Foul Ball, location: 2F
3-2: Foul Ball, location: 2F
3-2: Base on Balls
Batting: RHB Rex Hilt 0-0: Bunt missed!
0-1: Ball
1-1: Bunted foul
1-2: Ball
2-2: Fly out, F9 (Flyball, 9LM, EV 93.8 MPH)
Batting: LHB Jake Marinello 0-0: Ball
1-0: SINGLE (Groundball, 4D, EV 97.5 MPH)
Jayden Scott to second
Batting: RHB Julian Long 0-0: Ball
1-0: Foul Ball, location: 2F
1-1: Foul Ball, location: 2F
1-2: Strikes out swinging
Batting: RHB Maurits Drees 0-0: Ball
1-0: Called Strike
1-1: Ball
2-1: Foul Ball, location: 2F
2-2: Foul Ball, location: 2F
2-2: Ball
3-2: Base on Balls
Jayden Scott to third
Jake Marinello to second
Pitching: RHP Tex Callery
Batting: LHB Ron Sandoval 0-0: Ball
1-0: Ball
2-0: Ball
3-0: Base on Balls
Jayden Scott scores
Jake Marinello to third
Maurits Drees to second
Batting: RHB Salamon Chavez 0-0: Ball
1-0: Ball
2-0: Ball
3-0: Base on Balls
Jake Marinello scores
Maurits Drees to third
Ron Sandoval to second
Batting: SHB Nathan Toney 0-0: Called Strike
0-1: Swinging Strike
0-2: Ball
1-2: Ball
2-2: Strikes out looking
Top of the 5th over - 2 runs, 1 hit, 0 errors, 3 left on base; Pawtucket 4 - Charlotte 3
BOTTOM OF THE 5TH
Charlotte Knights batting - Pitching for Pawtucket Red Sox : RHP V.J. Frasier
Batting: LHB Johnny Jacobs 0-0: Swinging Strike
0-1: Ball
1-1: Ball
2-1: SINGLE (Line Drive, 8RS, EV 95.0 MPH)
Pitching: RHP Jason Walker
Batting: RHB Colin Raines 0-0: Sac Bunt to 3S - play at first, batter OUT! 3-1
Johnny Jacobs to second
Batting: LHB Jesus Soto 0-0: Foul Ball, location: 2F
0-1: Ball
1-1: Swinging Strike
1-2: Ball
2-2: Ball
3-2: Base on Balls
Batting: RHB Josh Dunn 0-0: Ball
1-0: Fly out, F7 (Line Drive, 78M, EV 93.8 MPH)
Batting: RHB Jose Carvajal 0-0: Ball
1-0: Ball
2-0: Ball
3-0: Called Strike
3-1: Base on Balls
Johnny Jacobs to third
Jesus Soto to second
Batting: SHB Jordan Fernandez 0-0: Ball
1-0: Ball
2-0: Called Strike
2-1: Fly out, F7 (Flyball, 7D, EV 104.4 MPH)
Bottom of the 5th over - 0 runs, 1 hit, 0 errors, 3 left on base; Pawtucket 4 - Charlotte 3
TOP OF THE 6TH
Pawtucket Red Sox batting - Pitching for Charlotte Knights : RHP Tex Callery
Batting: LHB Waylon Contreras 0-0: Ball
1-0: Ball
2-0: Ball
3-0: Swinging Strike
3-1: Base on Balls
Batting: SHB Jayden Scott 0-0: Called Strike
0-1: Ball
1-1: Sac Bunt to 5S - play at first, batter OUT! 5-3
Waylon Contreras to second
Batting: RHB Rex Hilt 0-0: Called Strike
0-1: Ball
1-1: Ball
2-1: SINGLE (Flyball, 89S, EV 96.2 MPH)
Waylon Contreras to third
Batting: LHB Jake Marinello 0-0: Ball
Rex Hilt steals 2nd base
1-0: Ball
2-0: Ball
3-0: Base on Balls
Batting: RHB Julian Long 0-0: Ball
1-0: Ball
2-0: Swinging Strike
2-1: SINGLE (Groundball, 56, EV 98.1 MPH)
Waylon Contreras scores
Rex Hilt to third
Jake Marinello to second
Runner from 3rd tries for Home, throw by LF and OUT! 7-2
Batting: RHB Maurits Drees 0-0: TRIPLE (Flyball, 78XD, EV 92.5 MPH)
Jake Marinello scores
Julian Long scores
Pitching: LHP Yurio Contreras
Batting: LHB Ron Sandoval 0-0: Ground out 5-3 (Groundball, 56, EV 83.1 MPH)
Top of the 6th over - 3 runs, 3 hits, 0 errors, 1 left on base; Pawtucket 7 - Charlotte 3
BOTTOM OF THE 6TH
Charlotte Knights batting - Pitching for Pawtucket Red Sox : RHP Jason Walker
Batting: RHB Elvis Matheny 0-0: Ball
1-0: Foul Ball, location: 2F
1-1: Ball
2-1: Foul Ball, location: 2F
2-2: Strikes out swinging
Batting: LHB Greg Green 0-0: Foul Ball, location: 2F
0-1: Swinging Strike
0-2: Ball
1-2: Strikes out swinging
Pitching: LHP Nicolas Brown
Batting: LHB J.F. Brown 0-0: Ground out 5-3 (Groundball, 56S, EV 81.2 MPH)
Bottom of the 6th over - 0 runs, 0 hits, 0 errors, 0 left on base; Pawtucket 7 - Charlotte 3
TOP OF THE 7TH
Pawtucket Red Sox batting - Pitching for Charlotte Knights : LHP Yurio Contreras
Batting: RHB Salamon Chavez 0-0: Called Strike
0-1: Swinging Strike
0-2: Foul Ball, location: 2F
0-2: Ball
1-2: Strikes out looking
Batting: SHB Nathan Toney 0-0: Ball
1-0: Ball
2-0: Called Strike
2-1: SOLO HOME RUN (Flyball, 78XD, EV 108.8 MPH), Distance : 424 ft
Batting: LHB Waylon Contreras 0-0: SINGLE (Groundball, 4D, EV 98.8 MPH)
Batting: SHB Jayden Scott 0-0: Ball
1-0: Fly out, F8 (Flyball, 8RM, EV 91.9 MPH)
Batting: RHB Rex Hilt 0-0: Ball
1-0: Swinging Strike
1-1: Fly out, F9 (Line Drive, 9S, EV 91.2 MPH)
Top of the 7th over - 1 run, 2 hits, 0 errors, 1 left on base; Pawtucket 8 - Charlotte 3
BOTTOM OF THE 7TH
Charlotte Knights batting - Pitching for Pawtucket Red Sox : LHP Nicolas Brown
Batting: LHB Johnny Jacobs 0-0: Swinging Strike
0-1: Swinging Strike
0-2: Foul Ball, location: 2F
0-2: Ball
1-2: Foul Ball, location: 2F
1-2: Foul Ball, location: 2F
1-2: Strikes out swinging
Batting: RHB Colin Raines 0-0: Ball
1-0: Ball
2-0: Foul Ball, location: 2F
2-1: Foul Ball, location: 2F
2-2: Strikes out swinging
Batting: LHB Jesus Soto 0-0: Ball
1-0: Called Strike
1-1: SINGLE (Line Drive, 9S, EV 107.5 MPH)
Batting: RHB Josh Dunn 0-0: Called Strike
0-1: Ball
1-1: Ball
2-1: Called Strike
2-2: Ball
Jesus Soto is caught stealing 2nd base 2-4
Bottom of the 7th over - 0 runs, 1 hit, 0 errors, 0 left on base; Pawtucket 8 - Charlotte 3
TOP OF THE 8TH
Pawtucket Red Sox batting - Pitching for Charlotte Knights : LHP Yurio Contreras
Batting: LHB Jake Marinello 0-0: Swinging Strike
0-1: Called Strike
0-2: Ball
1-2: Strikes out swinging
Batting: RHB Julian Long 0-0: Foul Ball, location: 2F
0-1: Foul Ball, location: 2F
0-2: Ball
1-2: Ball
2-2: SINGLE (Groundball, 6MD, EV 107.5 MPH)
Batting: RHB Maurits Drees 0-0: Fly out, F9 (Line Drive, 9LM, EV 95.6 MPH)
Batting: LHB Ron Sandoval 0-0: Called Strike
0-1: Ball
1-1: Swinging Strike
1-2: Fly out, F8 (Flyball, 8LD, EV 93.1 MPH)
Top of the 8th over - 0 runs, 1 hit, 0 errors, 1 left on base; Pawtucket 8 - Charlotte 3
BOTTOM OF THE 8TH
Charlotte Knights batting - Pitching for Pawtucket Red Sox : LHP Nicolas Brown
Batting: RHB Josh Dunn 0-0: Ball
1-0: Ball
2-0: Ball
3-0: Base on Balls
Batting: RHB Jose Carvajal 0-0: Ball
1-0: Ball
2-0: Ball
3-0: Called Strike
3-1: Called Strike
3-2: Base on Balls
Josh Dunn to second
Batting: SHB Jordan Fernandez 0-0: Ball
1-0: Ball
2-0: Ball
3-0: Base on Balls
Josh Dunn to third
Jose Carvajal to second
Pitching: RHP Edison Savedra
Batting: RHB Elvis Matheny 0-0: SINGLE (Groundball, 6S, EV 68.1 MPH) (infield hit)
Josh Dunn scores
Jose Carvajal to third
Jordan Fernandez to second
Batting: LHB Greg Green 0-0: Ball
1-0: Foul Ball, location: 2F
1-1: DOUBLE (Flyball, 8RD, EV 105.0 MPH)
Jose Carvajal scores
Jordan Fernandez scores
Elvis Matheny to third
Batting: LHB J.F. Brown 0-0: Ball
1-0: Called Strike
1-1: Swinging Strike
1-2: Foul Ball, location: 2F
1-2: Ball
2-2: Foul Ball, location: 2F
2-2: Strikes out swinging
Batting: LHB Johnny Jacobs 0-0: Foul Ball, location: 2F
0-1: Ball
1-1: Called Strike
1-2: Foul Ball, location: 2F
1-2: DOUBLE (Flyball, 78D, EV 108.8 MPH)
Elvis Matheny scores
Greg Green scores
Batting: RHB Colin Raines 0-0: Called Strike
0-1: Ball
1-1: Fly out, F7 (Flyball, 7S, EV 91.9 MPH)
Batting: LHB Jesus Soto 0-0: Ball
1-0: Ball
2-0: Ball
3-0: Base on Balls
Batting: RHB Josh Dunn 0-0: Ball
1-0: Ball
2-0: Foul Ball, location: 2F
2-1: Foul Ball, location: 2F
2-2: Hit by Pitch
Johnny Jacobs to third
Jesus Soto to second
Batting: RHB Jose Carvajal 0-0: Ball
1-0: Swinging Strike
1-1: Foul Ball, location: 2F
1-2: Strikes out swinging
Bottom of the 8th over - 5 runs, 3 hits, 0 errors, 3 left on base; Pawtucket 8 - Charlotte 8
TOP OF THE 9TH
Pawtucket Red Sox batting - Pitching for Charlotte Knights : LHP Yurio Contreras
Batting: RHB Salamon Chavez 0-0: Called Strike
0-1: Ball
1-1: Ground out 4-3 (Groundball, 4, EV 95.6 MPH)
Batting: SHB Nathan Toney 0-0: Ball
1-0: Ball
2-0: SOLO HOME RUN (Flyball, 7D, EV 101.9 MPH), Distance : 398 ft
Pinch Hitting: RHB Osjami Sa 0-0: Ball
1-0: Called Strike
1-1: Ball
2-1: Ball
3-1: Foul Ball, location: 2F
3-2: Base on Balls
Pitching: LHP Pacho Balderrama
Batting: SHB Jayden Scott 0-0: Called Strike
0-1: Called Strike
0-2: Strikes out swinging
Batting: RHB Rex Hilt 0-0: Ball
1-0: Called Strike
1-1: Ball
2-1: Ball
3-1: DOUBLE (Flyball, 89D, EV 91.2 MPH)
Osjami Sa to third
Runner from 3rd tries for Home, SAFE, no throw by RF
Batting: LHB Jake Marinello 0-0: Ball
1-0: Foul Ball, location: 2F
1-1: Swinging Strike
1-2: Strikes out looking
Top of the 9th over - 2 runs, 2 hits, 0 errors, 1 left on base; Pawtucket 10 - Charlotte 8
BOTTOM OF THE 9TH
Charlotte Knights batting - Pitching for Pawtucket Red Sox : RHP Edison Savedra
Pitching: RHP Brooke Phillips
Now at 2B: Maurits Drees
Now at SS: Juan Ramirez
Now in LF: Dimas Fragoso
Batting: SHB Jordan Fernandez 0-0: Called Strike
0-1: Swinging Strike
0-2: Ball
1-2: Strikes out swinging
Batting: RHB Elvis Matheny 0-0: Ball
1-0: Ball
2-0: SINGLE (Line Drive, 34D, EV 95.6 MPH)
Batting: LHB Greg Green 0-0: Called Strike
0-1: Called Strike
0-2: Ball
1-2: Ball
2-2: Ball
3-2: Base on Balls
Elvis Matheny to second
Batting: LHB J.F. Brown 0-0: Called Strike
0-1: SINGLE (Groundball, 4MD, EV 111.2 MPH)
Elvis Matheny to third
Greg Green to second
Batting: LHB Johnny Jacobs 0-0: Called Strike
0-1: Called Strike
0-2: Ball
1-2: Ball
2-2: Ball
3-2: Base on Balls
Elvis Matheny scores
Greg Green to third
J.F. Brown to second
Batting: RHB Colin Raines 0-0: Called Strike
0-1: Swinging Strike
0-2: Foul Ball, location: 2F
0-2: Ball
1-2: Foul Ball, location: 2F
1-2: Ball
2-2: SINGLE (Groundball, 6, EV 96.9 MPH)
Greg Green scores
J.F. Brown to third
Johnny Jacobs to second
Runner from 3rd tries for Home, SAFE, throw by CF to home
Bottom of the 9th over - 3 runs, 3 hits, 0 errors, 2 left on base; Pawtucket 10 - Charlotte 11
Wednesday, April 24th , 2024 - OOTP Baseball 24.11 Build 85